 Dungeon Crawl Stone Soup version 0.29.1-12-g30fa7ad0bf (webtiles) character file.

Game seed: 17038469502781753969

50 raph the Chopper (level 3, 0/33 HPs)
             Began as a Hill Orc Fighter on Jan 14, 2023.
             Slain by a gnoll
             ... wielding a +0 club
             ... led by a gnoll bouda
              (4 damage)
             ... on level 2 of the Dungeon.
             The game lasted 00:02:34 (1156 turns).

raph the Chopper (Hill Orc Fighter)                 Turns: 1156, Time: 00:02:35

Health: 0/33       AC:  6    Str: 18    XL:     3   Next: 79%
Magic:  3/3        EV:  9    Int:  8    God:
Gold:   65         SH:  4    Dex: 12    Spells: 2/2 levels left

rFire   . . .      SeeInvis .   a - +0 war axe
rCold   . . .      Faith    .   c - +0 buckler
rNeg    . . .      Spirit   .   b - +0 scale mail
rPois   .          Reflect  .   (no helmet)
rElec   .          Harm     .   (no cloak)
rCorr   .          Rampage  .   (no gloves)
Will    .....                   (no boots)
Stlth   ..........              (no amulet)
HPRegen 0.11/turn               (no ring)
MPRegen 0.08/turn               (no ring)

@: mighty
A: no striking features
a: no special abilities


You were on level 2 of the Dungeon.
You visited 1 branch of the dungeon, and saw 2 of its levels.

You collected 91 gold pieces.
You spent 26 gold pieces at shops.

Inventory:

Hand Weapons
 a - a +0 war axe (weapon)
 e - a +2 sling of flaming
Armour
 b - a +0 scale mail (worn)
 c - a +0 buckler (worn)
Scrolls
 g - 2 scrolls of teleportation {unknown}
 j - a scroll of enchant weapon {unknown}
 k - 2 scrolls of amnesia {unknown}
Potions
 d - 3 potions of might
 f - 2 potions of brilliance {unknown}
 h - a potion of mutation
 i - a potion of magic {unknown}
 l - a potion of ambrosia {unknown}
 m - a potion of curing {unknown}
 n - a potion of heal wounds {unknown}
 o - a potion of haste {unknown}


   Skills:
 - Level 3.7 Fighting
 + Level 5.1 Axes
 - Level 3.3 Armour
 - Level 3.3 Shields


You had 2 spell levels left.
You didn't know any spells.
Your spell library contained the following spells:

 Spells                   Type           Power      Damage    Failure   Level
 Ensorcelled Hibernation  Hex/Ice        0%         N/A       95%         2
 Passwall                 Tmut/Erth      0%         N/A       95%         2
 Swiftness                Air            0%         N/A       99%         3


Dungeon Overview and Level Annotations

Branches:
Dungeon (2/15)

Altars:

Shops:
D:1 ?


Message History

You feel very mighty all of a sudden. You block the gnoll's attack.
The gnoll hits you but does no damage.
You slash the gnoll!
You kill the gnoll!
You closely miss the gnoll bouda.
The gnoll bouda barks out a call to the hunt!
The gnolls pick up the pace!
The gnoll closely misses you.
Your Axes skill increases to level 5!
You slash the gnoll bouda!
The gnoll bouda is heavily wounded.
You block the gnoll bouda's attack.
The gnoll hits you from afar with a +0 spear.
The gnoll closely misses you. You block the gnoll's attack.
You closely miss the gnoll. You slash the gnoll! You hit the gnoll bouda.
The gnoll bouda hits you with a +0 whip.
The gnoll hits you from afar with a +0 spear.
The gnoll closely misses you. The gnoll hits you with a +0 whip.
The gnoll hits you but does no damage.
The gnoll bouda hits you with a +0 whip.
The gnoll bouda attacks as you move away!
The gnoll bouda barely misses you. The gnoll attacks as you move away!
The gnoll hits you with a +0 flail. The gnoll attacks as you move away!
You block the gnoll's attack. The gnoll hits you with a +0 flail.
You barely miss the gnoll. The gnoll completely misses you.
The gnoll hits you with a +0 flail.
* * * LOW HITPOINT WARNING * * *
The gnoll bouda calls upon its god to heal the gnoll.
The gnoll is healed somewhat.
You barely miss the gnoll. The gnoll barely misses you.
The gnoll bouda mumbles some strange prayers to its god.
The gnoll bouda is healed somewhat.
The gnoll hits you from afar with a +0 spear.
* * * LOW HITPOINT WARNING * * *
The gnoll hits you with a +0 club.
* * * LOW HITPOINT WARNING * * *
You closely miss the gnoll. You barely miss the gnoll.
The gnoll hits you with a +0 club.
You die...

###.##†....#.##...#.. .
##.......####.#.......
..#.....##.####.....##..
....#..............###†.
....#...##.###..##....†.
........##.# #.# #.#.###
....#...##.##..#.#.#....
....#.#.##.g.......####.
... #.#@g#g.)# ## .#
#.#.g.g#..# #
#.#.##.#....#
#.##.#..### #.##.#..#
..##....# ######..# ...
.


You could see 3 gnolls.

Vanquished Creatures
  A gnoll (D:2)
  A dart slug (D:2)
  3 bats (D:1)
  5 endoplasms
  A giant cockroach (D:1)
  2 goblins (D:1)
  3 hobgoblins (D:1)
  4 quokkas
  7 ball pythons
  4 frilled lizards
  2 kobolds
  2 rats
35 creatures vanquished.

Vanquished Creatures (others)
  A plant (D:1)
1 creature vanquished.

Grand Total: 36 creatures vanquished

Notes
Turn   | Place    | Note
-------+----------+-------------------------------------------
     0 | D:1      | raph the Hill Orc Fighter began the quest for the Orb.
     0 | D:1      | Reached XP level 1. HP: 19/19 MP: 1/1
   136 | D:1      | Reached skill level 3 in Axes
   139 | D:1      | Reached XP level 2. HP: 22/27 MP: 2/2
   202 | D:1      | Found Yskeakast's Magic Scroll Emporium.
   216 | D:1      | Bought a scroll of identify for 26 gold pieces
   305 | D:1      | Reached skill level 4 in Axes
   437 | D:1      | Reached XP level 3. HP: 24/33 MP: 3/3
  1148 | D:2      | Reached skill level 5 in Axes
  1156 | D:2      | Slain by a gnoll

Illustrated notes

Levels and vault maps discovered:
D:1:      minmay_arrival_hallway, layout_basic, serial_shops,
          nicolae_shop_advertising_works [nicolae_subvault_shop_adworks],
          serial_bayou_pond_a, minmay_hexomino_p4
D:2:      layout_rooms, basic_altar

Skill      XL: |  1  2  3 |
---------------+----------+-----
Axes           | 3 4 5 |  5.1
Fighting       | |  3.7
Armour         | |  3.3
Shields        | |  3.3

Action                   || total
-------------------------++-------
Melee: War axe           ||   102
  Use: Scroll            ||     1
       Potion            ||     1
Armor: Scale mail        ||    59
Dodge: Dodged            ||    43
Block: Buckler           ||    26
